 Dungeon Crawl Stone Soup version 0.31-a0-978-g1e143483b6 (webtiles) character file.

Game seed: 18083286327339399440

1196 MacCMillion the Cleaver (level 8, 0/63 HPs)
             Began as a Ghoul Fighter on Oct 30, 2023.
             Was an Initiate of Okawaru.
             Slain by a gnoll
             ... wielding a +0 flail
              (11 damage)
             ... on level 6 of the Dungeon.
             The game lasted 00:08:32 (7267 turns).

MacCMillion the Cleaver (Ghoul Fighter)             Turns: 7267, Time: 00:08:33

Health: 0/63       AC: 14    Str: 22    XL:     8   Next: 44%
Magic:  7/7        EV:  6    Int:  3    God:    Okawaru [......]
Gold:   246        SH:  4    Dex:  8    Spells: 7/7 levels left

rFire   . . .        a - +0 war axe
rCold   + + .        c - +0 buckler
rNeg    + + +        E - +0 plate armour
rPois   ∞            (no helmet)
rElec   .            A - +0 cloak
rCorr   .            (no gloves)
SInv    .            h - +1 pair of boots
Will    .....        t - amulet of the acrobat Stlth
                     v - ring of protection from cold
HPRegen 0.00/turn    (no ring)
MPRegen 0.10/turn

%: acrobat
@: inhibited regen
A: claws 1, cold resistance 1, negative energy resistance 3, inhibited
regeneration, torment resistance 2, devour on kill
a: Renounce Religion


You were on level 6 of the Dungeon.
You worshipped Okawaru.
Okawaru was noncommittal.
You visited 1 branch of the dungeon, and saw 6 of its levels.

You collected 246 gold pieces.

Inventory:

Hand Weapons
 a - a +0 war axe (weapon)
Missiles
 j - 5 poisoned darts
 l - 5 boomerangs
Armour
 c - a +0 buckler (worn)
 h - a +1 pair of boots (worn)
 A - a +0 cloak (worn)
 E - a +0 plate armour (worn)
Jewellery
 q - the ring "Jota" {rCorr Int+3}
   (You found it on level 2 of the Dungeon)

   [ring of resist corrosion]

   Int+3:     It affects your intelligence (+3).
   rCorr:     It protects you from acid and corrosion.
 t - an amulet of the acrobat (around neck)
 v - a ring of protection from cold (left claw)
 D - a ring of protection from cold
Wands
 u - a wand of iceblast (4)
Scrolls
 e - a scroll of poison
 f - 5 scrolls of identify {unknown}
 i - 2 scrolls of fog {unknown}
 m - a scroll of vulnerability {unknown}
 o - 2 scrolls of teleportation {unknown}
 p - a scroll of amnesia {unknown}
 s - a scroll of blinking {unknown}
 w - 2 scrolls of noise {unknown}
 x - a scroll of fear {unknown}
 y - a scroll of enchant weapon {unknown}
 C - a scroll of brand weapon {unknown}
Potions
 d - a potion of might
 g - a potion of heal wounds
 k - 2 potions of curing
 n - 2 potions of enlightenment {unknown}
 r - a potion of cancellation {unknown}
 z - 3 potions of brilliance {unknown}
 B - 2 potions of lignification {unknown}


   Skills:
 - Level 3.2 Fighting
 + Level 8.7 Axes
 - Level 2.6 Armour
 - Level 4.0 Shields


You had 7 spell levels left.
You didn't know any spells.
Your spell library contained the following spells:

 Spells                   Type           Power      Damage    Failure   Level
 Freeze                   Ice            0%         1d3       100%        1
 Sandblast                Erth           0%         2d4       100%        1
 Sting                    Tmut/Pois      0%         1d3       100%        1
 Passwall                 Tmut/Erth      0%         N/A       100%        2
 Poisonous Vapours        Pois/Air       0%         N/A       100%        2
 Dazzling Flash           Conj/Hex       0%         N/A       100%        3
 Frozen Ramparts          Ice            0%         1d1       100%        3
 Hailstorm                Conj/Ice       0%         3d3       100%        3
 Stone Arrow              Conj/Erth      0%         3d7       100%        3
 Volatile Blastmotes      Fire/Tloc      0%         2d10      100%        3
 Brom's Barrelling Bould  Conj/Erth      0%         2d3       100%        4
 Olgreb's Toxic Radiance  Pois           0%         N/A       100%        4
 Starburst                Conj/Fire      0%         6d3       100%        6
 Maxwell's Capacitive Co  Air            0%         ∞         100%        8
 Summon Small Mammal      Summ           Unusable   N/A       N/A         1
 Call Canine Familiar     Summ           Unusable   N/A       N/A         3
 Summon Guardian Golem    Hex/Summ       Unusable   N/A       N/A         3

Dungeon Overview and Level Annotations

Branches:
Dungeon (6/15)
 Temple: D:4-7

Altars:
Makhleb
Okawaru

Shops:
D:6 :

Annotations:
D:4 1 runed translucent door, temujin's ghost, novice DECj


Innate Abilities, Weirdness & Mutations

You are immune to poison.
You have sharp fingernails.
Your flesh is cold resistant. (rC+)
You are immune to negative energy. (rN+++)
You do not regenerate when monsters are visible.
You are immune to unholy pain and torment.
You thrive by killing the living.


Message History

The water moccasin closely misses you.
The water moccasin attacks as it pursues you!
The water moccasin completely misses you.
You barely miss the water moccasin.
The water moccasin is lightly wounded.
The water moccasin bites you but does no damage. x2
You closely miss the water moccasin.
The water moccasin is lightly wounded.
The water moccasin bites you but does no damage.
You slash the water moccasin!
The water moccasin is moderately wounded.
The water moccasin bites you!
* * * LOW HITPOINT WARNING * * *
You block the water moccasin's attack.
You slash the water moccasin!
The water moccasin is almost dead.
The water moccasin barely misses you.
You slash the water moccasin!
You kill the water moccasin!
Okawaru accepts your kill.
You feel better.
You hear the hiss of a very distant avalanche of sand.
You open the door.
You feel a little less mighty now.
There is an open door here.
There is an escape hatch in the floor here.
There is an open door here.
The gnoll completely misses you. The orc misses you.
You barely miss the gnoll. The gnoll barely misses you.
The orc barely misses you.
You closely miss the gnoll. The gnoll hits you with a +0 flail.
* * * LOW HITPOINT WARNING * * *
The orc hits you but does no damage.
You hit the gnoll.
The gnoll is moderately wounded.
The gnoll barely misses you. The orc hits you but does no damage.
You closely miss the gnoll.
The gnoll is moderately wounded.
You barely miss the gnoll. The gnoll hits you with a +0 flail!
You die...

######....# #.. #.........# ###
#.........# ########.........#
..............### #............#
#......####'## #################
#..=..># #..###................
#......#####.og@................
+......'......g...#######+######
#.)....#########..# ... #......#
#..# ....$ #......# ###†.#
####### ........# #....#
........# ##.#..# #
...###########≈≈.≈≈#.# ..
#......≈≈≈.≈≈≈.#


You could see 2 gnolls and an orc.

Vanquished Creatures
  Duvessa (D:4)
  A water moccasin (D:6)
  2 ice beasts
  A phantom (D:5)
  A centaur (D:5)
  Dowan (D:4)
  A howler monkey (D:6)
  A gnoll bouda (D:3)
  2 hounds
  4 orc priests
  An iguana (D:4)
  An orc wizard (D:4)
  6 adders
  13 gnolls
  2 ufetubi (D:6)
  2 worms
  2 dart slugs
  15 orcs
  11 ball pythons
  6 endoplasms
  4 giant cockroaches
  11 goblins
  7 hobgoblins
  5 jackals
  5 kobolds
  5 quokkas
  5 bats
  5 frilled lizards
  6 rats
127 creatures vanquished.

Notes
Turn   | Place    | Note
-------+----------+-------------------------------------------
     0 | D:1      | MacCMillion the Ghoul Fighter began the quest for the Orb.
     0 | D:1      | Reached XP level 1. HP: 19/19 MP: 0/0
   133 | D:1      | Reached skill level 2 in Axes
   152 | D:1      | Reached XP level 2. HP: 26/26 MP: 1/1
   568 | D:1      | Reached XP level 3. HP: 31/31 MP: 2/2
  1116 | D:2      | Identified the ring "Jota" {rCorr Int+3}
  1361 | D:2      | Reached XP level 4. HP: 34/38 MP: 3/3
  1473 | D:2      | Reached skill level 3 in Axes
  2049 | D:3      | Reached XP level 5. HP: 12/45 MP: 4/4
  2934 | D:4      | Noticed Duvessa
  2943 | D:3      | Reached skill level 4 in Axes
  3087 | D:4      | Noticed Dowan
  3368 | D:4      | Reached XP level 6. HP: 37/51 MP: 5/5
  3621 | D:4      | Reached skill level 5 in Axes
  4397 | D:4      | Reached XP level 7. HP: 57/57 MP: 6/6
  4611 | D:4      | Killed Duvessa
  4612 | D:4      | Reached skill level 6 in Axes
  5055 | D:4      | Killed Dowan
  5312 | D:4      | Found a runed translucent door.
  5312 | D:4      | Noticed temujin's ghost (novice DECj)
  5333 | D:4      | Found a burning altar of Makhleb.
  5592 | D:5      | Entered Level 5 of the Dungeon
  5608 | D:4      | Reached skill level 7 in Axes
  5728 | D:4      | HP: 1/57 [something (4)]
  6254 | D:5      | Found an iron altar of Okawaru.
  6270 | D:5      | Became a worshipper of Warmaster Okawaru
  6797 | D:5      | Reached XP level 8. HP: 62/63 MP: 7/7
  7167 | D:6      | Reached skill level 8 in Axes
  7200 | D:6      | Found Ytaiwk's Self-Improvement Boutique.
  7218 | D:6      | HP: 3/63 [ice beast (3)]
  7267 | D:6      | Slain by a gnoll

Illustrated notes

Levels and vault maps discovered:
D:1:      scummos_arrival_simple_fountains, layout_loops_cross, minmay_quantized
D:2:      layout_basic
D:3:      layout_basic, minmay_fractal_squares_gapless_5
D:4:      layout_cave_pools, mainiacjoe_overflow_alcove_2,
          hellmonk_ghost_happy_afterlife, uniq_duvessa
D:5:      layout_basic, okawaru_altar_gauntlet_db
D:6:      layout_basic, mainiacjoe_overflow_cross_hatched,
          minmay_temple_entry_crystal_x, nicolae_ossuary_entry_catacombs,
          nicolae_shop_self_help

Skill      XL: |  1  2  3  4  5  6  7  8 |
---------------+-------------------------+-----
Axes           | 2 3 4 5 7 8 |  8.7
Shields        | 3 4 |  4.0
Fighting       | |  3.2
Armour         | |  2.6

Action                     |  1- 3 |  4- 6 |  7- 9 || total
---------------------------+-------+-------+-------++-------
  Melee: War axe           |   101 |   198 |   165 ||   464
    Use: Potion            |       |       |     3 ||     3
         Scroll            |       |       |     1 ||     1
 Armour: Scale mail        |    57 |   168 |   107 ||   332
         Plate armour      |       |       |   113 ||   113
  Dodge: Dodged            |    47 |    84 |   113 ||   244
  Block: Buckler           |    18 |    30 |    41 ||    89

Table legend: (Time is in decaauts)
 A = Elapsed time spent in this place.
 B = Non-inter-level travel time spent in this place.
 C = Inter-level travel time spent in this place.
 D = Time resting spent in this place.
 E = Time spent auto-exploring this place.
 F = Levels seen in this place.
 G = Mean time per level.
                   A        B        C        D        E       F      G
               +--------+--------+--------+--------+--------+-----+--------+
         Total |   7413 |   7203 |    210 |   2461 |   3439 |   6 | 1235.5 |
       Dungeon |   7413 |   7203 |    210 |   2461 |   3439 |   6 | 1235.5 |
               +--------+--------+--------+--------+--------+-----+--------+

Top non-repeatable levels by time:
     D:3: 2752 daAuts
     D:4: 1477 daAuts
     D:5: 1142 daAuts
     D:2: 966 daAuts
     D:1: 847 daAuts
     D:6: 228 daAuts
